 Dungeon Crawl Stone Soup version 0.28-a0-1142-gc8569940dd (webtiles) character file.

Game seed: 11270125001993391478

53 IndexError the Ruffian (level 3, 0/28 HPs)
             Began as a Draconian Transmuter on Dec 13, 2021.
             Was a Follower of Dithmenos.
             Succumbed to a kobold's poison
             ... on level 3 of the Dungeon.
             The game lasted 00:02:24 (2121 turns).

IndexError the Ruffian (Draconian Transmuter)       Turns: 2121, Time: 00:02:25

Health: 0/28       AC:  5    Str: 12    XL:     3   Next: 62%
Magic:  6/6        EV: 12    Int: 15    God:    Dithmenos [*.....]
Gold:   75         SH:  0    Dex: 11    Spells: 3/6 levels left

rFire   . . .      SeeInvis .     - Unarmed
rCold   . . .      Faith    .   (no shield)
rNeg    . . .      Spirit   .   (armour unavailable)
rPois   .          Reflect  .   (helmet currently unavailable)
rElec   .          Harm     .   (no cloak)
rCorr   .          Rampage  .   (no gloves)
Will    .....                   (boots currently unavailable)
Stlth   +.........              (no amulet)
HPRegen 0.09/turn               (no ring)
MPRegen 0.10/turn               (no ring)

@: brilliant, lethally poisoned (0 -> -1), appendages (expiring), attractive,
wreathed by umbra
A: horns 2, talons 2, AC +5, unfitting armour, cold-blooded
a: End Transformation, Renounce Religion


You were on level 3 of the Dungeon.
You worshipped Dithmenos.
Dithmenos was aware of your devotion.
You had temporarily grown beastly horns and talons.
You visited 1 branch of the dungeon, and saw 3 of its levels.

You collected 75 gold pieces.

Inventory:

Missiles
 f - 3 boomerangs
Scrolls
 d - a scroll of teleportation {unknown}
 e - a scroll of magic mapping {unknown}
 g - a scroll of fear {unknown}
 i - a scroll of immolation {unknown}
Potions
 b - a potion of curing {unknown}
 c - a potion of brilliance
 h - a potion of heal wounds {unknown}


   Skills:
 - Level 1.1 Fighting
 - Level 1.7 Dodging
 + Level 3.9 Unarmed Combat
 - Level 2.0 Spellcasting
 + Level 3.2 Transmutations


You had 3 spell levels left.
You knew the following spells:

 Your Spells              Type           Power      Damage    Failure   Level
a - Beastly Appendage     Tmut           32%        N/A       6%          1
b - Wereblood             Tmut           16%        N/A       9%          2

Your spell library contained the following spells:

 Spells                   Type           Power      Damage    Failure   Level
 Spider Form              Tmut/Pois      9%         N/A       34%         3
 Ice Form                 Ice/Tmut       9%         N/A       75%         4


Dungeon Overview and Level Annotations

Branches:
Dungeon (3/15)

Altars:
Dithmenos
Elyvilon


Innate Abilities, Weirdness & Mutations

You have temporarily grown beastly horns and talons.
Your plain brown scales are hard. (AC +5)
You cannot fit into any form of body armour.
You are cold-blooded and may be slowed by cold attacks.


Message History

You headbutt the worm. You hit the worm. You headbutt the worm!
Dithmenos accepts your kill.
No target in view!
No target in view!
You can't go up here!
Magic restored.
There is a stone staircase leading up here.
MP restored: 6 You climb upwards.
Your transformation is almost over.
There is a stone staircase leading down here.
Your horns disappear.
Your talons disappear.
You see here a +0 longbow.
There is a stone staircase leading down here.
You climb downwards.
There is a stone staircase leading up here.
A bat comes into view.
A bat is nearby!
Casting: Beastly Appendage (safe; 6% risk of failure)
Confirm with . or Enter, or press ? or * to list all spells.
You grow a pair of large bovine horns.
Your feet morph into talons.
The bat barely misses you.
You now have 5/6 mp.
The bat misses you.
A giant cockroach comes into view.
You hit the bat. Your headbutt misses the bat. The bat misses you.
You barely miss the bat. Your headbutt misses the bat. You tail-slap the bat.
Dithmenos accepts your kill.
You hit the giant cockroach but do no damage.
You claw the giant cockroach. Dithmenos accepts your kill.
No target in view!
No target in view!
Your transformation is almost over.
Magic restored.
Your horns disappear.
Your talons disappear.
A kobold comes into view. It is wielding a +0 short sword.
The kobold shouts!
MP restored: 6 A kobold is nearby!
A kobold is nearby!
Casting: Beastly Appendage (safe; 6% risk of failure)
Confirm with . or Enter, or press ? or * to list all spells.
You grow a pair of large bovine horns.
Your feet morph into talons.
A kobold comes into view.
It is wielding a +4 short sword and quivering poisoned darts.
A hobgoblin comes into view.
You now have 5/6 mp.
The hobgoblin shouts!
The kobold shouts!
You hit the kobold. Dithmenos accepts your kill.
Found a stone staircase leading down.
The kobold throws a poisoned dart.
The poisoned dart hits you!
You are poisoned.
The hobgoblin completely misses you.
You see here a +0 short sword.
You hit the hobgoblin. Your kick misses the hobgoblin.
You feel sick.
The kobold throws a poisoned dart.
The poisoned dart hits you!
You are more poisoned.
The hobgoblin closely misses you.
You take 2 damage, and have 26/28 hp.
You hit the hobgoblin. Dithmenos accepts your kill.
You feel very sick.
You take 2 damage, and have 24/28 hp.
You feel very sick.
The kobold throws a poisoned dart.
The poisoned dart barely misses you.
You take 3 damage, and have 21/28 hp.
You feel sick. The kobold misses you.
You take 2 damage, and have 19/28 hp.
You miss the kobold.
You feel sick.
The kobold hits you with a +4 short sword.
You take 6 damage, and have 13/28 hp.
MASSIVE DAMAGE!!
MP restored: 6 You are too injured to fight recklessly!
You are too injured to fight recklessly!
You hit the kobold. Your headbutt misses the kobold.
You feel sick.
You take 1 damage, and have 12/28 hp.
You barely miss the kobold. You claw the kobold, but do no damage.
You feel sick.
The kobold hits you with a +4 short sword.
* * * LOW HITPOINT WARNING * * *
You take 8 damage, and have 4/28 hp.
MASSIVE DAMAGE!!
You hit the kobold but do no damage. You claw the kobold.
Dithmenos accepts your kill.
Your transformation is almost over.
* * * LOW HITPOINT WARNING * * *
You feel sick.
You take 1 damage, and have 3/28 hp.
* * * LOW HITPOINT WARNING * * *
You feel sick.
You take 1 damage, and have 2/28 hp.
It was a potion of brilliance.
You feel clever all of a sudden.
* * * LOW HITPOINT WARNING * * *
You feel sick.
You take 1 damage, and have 1/28 hp.
It was a potion of attraction.
You feel attractive to monsters.
You die...

#...<....# ##########
###...# .....# ##
#+#####....# #..
###.#[#......##..... ..
...#.#.##...##.....
####.###.#.#.##...##.....
>......)...#.##.†.++.....
........@#.#.##..(##.....
..#..###.#.........#.....
#.....).....#..###.....
#...........##.....###.
###.#...###.######..#..
.....#.# #.# ##...#
###.###.. #.# ##### #.
##. #.# # ..#.#


There were no monsters in sight!

Vanquished Creatures
  2 worms
  A dart slug (D:2)
  3 ball pythons (D:1)
  8 bats
  4 endoplasms (D:1)
  A giant cockroach (D:3)
  3 hobgoblins
  5 kobolds
  A quokka (D:2)
  2 frilled lizards (D:1)
  6 goblins
  3 rats
39 creatures vanquished.

Notes
Turn   | Place    | Note
-------+----------+-------------------------------------------
     0 | D:1      | IndexError the Draconian Transmuter began the quest for the
                  | Orb.
     0 | D:1      | Reached XP level 1. HP: 16/16 MP: 3/3
   322 | D:1      | Reached XP level 2. HP: 23/23 MP: 3/5
   534 | D:1      | You fall into a shaft and drop 1 floor!
   779 | D:1      | Reached XP level 3. HP: 25/28 MP: 4/6
  1052 | D:1      | Found a faded altar of an unknown god.
  1063 | D:1      | Found a faded altar of an unknown god.
  1072 | D:1      | Prayed at the altar of an unknown god.
  1072 | D:1      | Became a worshipper of Dithmenos the Shadowed
  1072 | D:1      | Reached * piety under Dithmenos
  1167 | D:2      | Learned a level 2 spell: Wereblood
  1218 | D:2      | Reached skill level 3 in Transmutations
  1646 | D:2      | Found a white marble altar of Elyvilon.
  2117 | D:3      | HP: 4/28 [kobold (6)]
  2120 | D:3      | HP: 1/28 [poisoned by a kobold]
  2121 | D:3      | Succumbed to a kobold's poison

Illustrated notes

Levels and vault maps discovered:
D:1:      nzn_arrival_water_spiral, layout_basic,
          hellmonk_ecumenical_altar_the_god_not_taken
D:2:      layout_basic, basic_altar
D:3:      minmay_octagon_keep, layout_basic

Skill      XL: |  1  2  3 |
---------------+----------+-----
Transmutations | 3 |  3.2
Fighting       | |  1.1
Dodging        | |  1.7
Unarmed Combat | |  3.9
Spellcasting   | |  2.0

Action                   || total
-------------------------++-------
Melee: Unarmed           ||    86
       Kick              ||    16
       Tailslap          ||     2
       Headbutt          ||     5
 Cast: Beastly Appendage ||    27
  Use: Potion            ||     2
Armor: Skin              ||    36
Dodge: Dodged            ||    78

Table legend: (Time is in decaauts)
 A = Elapsed time spent in this place.
 B = Non-inter-level travel time spent in this place.
 C = Inter-level travel time spent in this place.
 D = Time resting spent in this place.
 E = Time spent auto-exploring this place.
 F = Levels seen in this place.
 G = Mean time per level.
                   A        B        C        D        E       F      G
               +--------+--------+--------+--------+--------+-----+--------+
         Total |   2123 |   1888 |    235 |      0 |   1599 |   3 |  707.7 |
       Dungeon |   2123 |   1888 |    235 |      0 |   1599 |   3 |  707.7 |
               +--------+--------+--------+--------+--------+-----+--------+

Top non-repeatable levels by time:
     D:2: 1048 daAuts
     D:1: 1004 daAuts
     D:3: 70 daAuts

Table legend:
 A = Kills in this place as a percentage of kills in entire the game.
 B = Kills by you in this place as a percentage of kills by you in the entire game.
 C = Kills by friends in this place as a percentage of kills by friends in the entire game.
 D = Other kills in this place as a percentage of other kills in the entire game.
 E = Experience gained in this place as a percentage of experience gained in the entire game.
 F = Experience gained in this place divided by the number of levels of this place that you have seen.
                   A       B       C       D       E      F
               +-------+-------+-------+-------+-------+----------------------
         Total | 100.0 | 100.0 |   N/A |   N/A | 100.0 |  25.3
       Dungeon | 100.0 | 100.0 |   N/A |   N/A | 100.0 |  25.3
               +-------+-------+-------+-------+-------+----------------------
